 Dungeon Crawl Stone Soup version 0.28-a0-1555-g9ae15a6949 (webtiles) character file.

Game seed: 8549567199291880337

155 hashsling the Skirmisher (level 5, -2/47 HPs)
             Began as a Hill Orc Fighter on Jan 18, 2022.
             Killed by nerve-wracking pain
             ... invoked by Grinder
              (9 damage)
             ... on level 3 of the Dungeon.
             The game lasted 00:04:59 (1940 turns).

hashsling the Skirmisher (Hill Orc Fighter)         Turns: 1940, Time: 00:04:59

Health: -2/47      AC:  7    Str: 21    XL:     5   Next: 37%
Magic:  5/5        EV:  9    Int:  8    God:
Gold:   135        SH:  4    Dex: 10    Spells: 4/4 levels left

rFire   . . .      SeeInvis .   a - +0 war axe
rCold   . . .      Faith    .   c - +0 buckler
rNeg    . . .      Spirit   .   b - +0 scale mail
rPois   .          Reflect  .   (no helmet)
rElec   .          Harm     .   (no cloak)
rCorr   .          Rampage  .   (no gloves)
Will    .....                   (no boots)
Stlth   ..........              (no amulet)
HPRegen 0.15/turn               (no ring)
MPRegen 0.09/turn               (no ring)

@: no status effects
A: no striking features
a: no special abilities


You were on level 3 of the Dungeon.
You visited 1 branch of the dungeon, and saw 3 of its levels.

You collected 135 gold pieces.

Inventory:

Hand Weapons
 a - a +0 war axe (weapon)
Armour
 b - a +0 scale mail (worn)
 c - a +0 buckler (worn)
Magical Staves
 i - a staff of death
Scrolls
 g - a scroll of amnesia {unknown}
 h - 2 scrolls of teleportation {unknown}
Potions
 d - a potion of might
 j - 2 potions of attraction


   Skills:
 * Level 4.9 Fighting
 * Level 4.4 Axes
 * Level 4.2 Armour
 - Level 4.0 Shields


You had 4 spell levels left.
You didn't know any spells.
Your spell library contained the following spells:

 Spells                   Type           Power      Damage    Failure   Level
 Corpse Rot               Necr/Air       0%         N/A       92%         2
 Poisonous Vapours        Pois/Air       0%         N/A       92%         2


Dungeon Overview and Level Annotations

Branches:
Dungeon (3/15)

Altars:

Annotations:
D:3 Grinder


Message History

Grinder blinks!
You can move again.
You slash Grinder!
Grinder is heavily wounded.
You block Grinder's attack. Grinder hits you!
You writhe in agony.
You are too injured to fight recklessly!
You are too injured to fight recklessly!
You are too injured to fight recklessly!
You are too injured to fight recklessly!
You slash Grinder!
Grinder is severely wounded.
Grinder hits you.
* * * LOW HITPOINT WARNING * * *
You writhe in agony.
* * * LOW HITPOINT WARNING * * *
You hit Grinder but do no damage.
Grinder is severely wounded.
Grinder gestures at you.
You suddenly lose the ability to move!
Grinder hits you.
* * * LOW HITPOINT WARNING * * *
You writhe in agony.
* * * LOW HITPOINT WARNING * * *
Grinder hits you but does no damage.
You can move again.
You closely miss Grinder.
Grinder is severely wounded.
Grinder gestures at you.
You barely resist. You block Grinder's attack.
You hit Grinder.
Grinder is almost dead.
Grinder gestures at you. Pain shoots through your body!
* * * LOW HITPOINT WARNING * * *
You closely miss Grinder.
Grinder is almost dead.
Grinder blinks!
Grinder gestures at you. Pain shoots through your body!
You die...

..# >.. ..# ..
..# .# .
##.####.# # #.
#....<..#.# #..#
#..##...#.#
#....#..##.....#
..........$..#
###....@..#.##
..........#.#####
###.............#
#....5........#
#..(..........#
######........#
#........#
####.##########
#####...........


You could see Grinder.

Vanquished Creatures
  A hound (D:2)
  A jelly (D:3)
  A gnoll (D:2)
  An adder (D:2)
  2 worms (D:2)
  4 dart slugs (D:2)
  5 endoplasms
  2 giant cockroaches
  4 goblins
  5 hobgoblins
  2 jackals (D:1)
  5 kobolds
  6 quokkas
  3 ball pythons
  5 bats
  7 frilled lizards
  14 rats
68 creatures vanquished.

Notes
Turn   | Place    | Note
-------+----------+-------------------------------------------
     0 | D:1      | hashsling the Hill Orc Fighter began the quest for the Orb.
     0 | D:1      | Reached XP level 1. HP: 19/19 MP: 1/1
   134 | D:1      | Found a faded altar of an unknown god.
   171 | D:1      | Reached XP level 2. HP: 25/27 MP: 2/2
   672 | D:1      | Reached XP level 3. HP: 33/33 MP: 3/3
   976 | D:2      | Reached XP level 4. HP: 24/41 MP: 4/4
  1651 | D:2      | Reached XP level 5. HP: 41/47 MP: 5/5
  1911 | D:3      | Noticed Grinder
  1926 | D:3      | Paralysed by Grinder for 5 turns
  1934 | D:3      | Paralysed by Grinder for 3 turns
  1940 | D:3      | Killed from afar by Grinder

Illustrated notes

Levels and vault maps discovered:
D:1:      dpeg_arrival_more_subterranean_lakeside_camping, layout_loops_ring,
          ebering_ecumenical_altar_ruins, minmay_rat_gold_closets
D:2:      minmay_diamond_boxcup, layout_basic, kennysheep_generic_room_9
D:3:      layout_basic, st_stairs_11, uniq_grinder

Skill      XL: |  1  2  3  4 |
---------------+-------------+-----
Axes           | 3 4 |  4.4
Fighting       | 4 |  4.9
Armour         | 4 |  4.2
Shields        | 4 |  4.0

Action                   |  1- 3 |  4- 6 || total
-------------------------+-------+-------++-------
Melee: War axe           |    68 |    77 ||   145
Throw: Throwing net      |       |     2 ||     2
  Use: Scroll            |       |     2 ||     2
Armor: Scale mail        |    18 |    30 ||    48
Dodge: Dodged            |    34 |    32 ||    66
Block: Buckler           |    11 |    13 ||    24

Table legend: (Time is in decaauts)
 A = Elapsed time spent in this place.
 B = Non-inter-level travel time spent in this place.
 C = Inter-level travel time spent in this place.
 D = Time resting spent in this place.
 E = Time spent auto-exploring this place.
 F = Levels seen in this place.
 G = Mean time per level.
                   A        B        C        D        E       F      G
               +--------+--------+--------+--------+--------+-----+--------+
         Total |   1992 |   1939 |     53 |      0 |   1583 |   3 |  664.0 |
       Dungeon |   1992 |   1939 |     53 |      0 |   1583 |   3 |  664.0 |
               +--------+--------+--------+--------+--------+-----+--------+

Top non-repeatable levels by time:
     D:1: 977 daAuts
     D:2: 856 daAuts
     D:3: 158 daAuts
